Map: 2000 Atmospheres LE

Players

Neeb - Winner!

  • Race: Protoss Protoss

TriGGeR

  • Race: Protoss Protoss

Event: DreamHack SC2 Masters 2021 Winter

VOD

Have the link to the VOD?

Description

Time

  • Played on: Oct. 14, 2021, 4:03 p.m.
  • Length: 9:57

All games in this series

Show
View Real Time Build Order
Export as new Build Order

Neeb Protoss - Winner!

Build Orders: Oracle Opening 

Get SALT Encoding   

  12  0:00  Probe  
  13  0:12  Probe  
  14  0:17  Pylon  
  14  0:24  Probe (Chrono Boost)  
  15  0:36  Probe (Chrono Boost)  
  15  0:37  Gateway  
  16  0:45  Probe (Chrono Boost)  
  16  0:46  Assimilator  
  17  0:51  Probe  
  18  1:03  Probe  
  19  1:09  Assimilator  
  19  1:15  Probe  
  19  1:16  Pylon  
  20  1:24  Cybernetics Core  
  20  1:27  Probe  
  20  1:29  Zealot  
  23  1:39  Probe  
  24  1:51  Probe  
  25  1:54  Pylon  
  25  2:01  Stargate  
  25  2:04  Probe  
  25  2:08  Stalker (Chrono Boost)  
  28  2:16  Probe, Pylon  
  28  2:21  Warp Gate  
  29  2:29  Probe  
  31  2:45  Gateway  
  31  2:46  Oracle (Chrono Boost)  
  32  2:52  Probe  
  33  3:04  Probe  
  34  3:14  Oracle (Chrono Boost)  
  34  3:15  Nexus  
  37  3:21  Probe  
  37  3:26  Pylon  
  38  3:28  Shield Battery  
  38  3:34  Probe  
  39  3:43  Stalker  
  39  3:46  Probe  
  42  3:58  Probe  
  42  4:02  Twilight Council  
  43  4:05  Gateway  
  43  4:11  Probe  
  43  4:16  Pylon  
  44  4:23  Probe  
  45  4:31  Blink (Chrono Boost)  
  45  4:34  Stalker  
  45  4:35  Probe  
  45  4:36  Probe  
  49  4:39  Gateway  
  49  4:47  Probe  
  49  4:48  Probe  
  51  4:59  Stalker, Probe, Forge  
  54  5:00  Probe  
  54  5:03  Stalker  
  57  5:11  Probe  
  57  5:12  Probe  
  59  5:15  Pylon  
  59  5:23  Assimilator, Probe  
  59  5:25  Probe  
  59  5:26  Stalker x2  
  65  5:40  Nexus, Protoss Ground Weapons Level 1 (Chrono Boost)  
  65  5:48  Stalker  
  65  5:49  Probe x2  
  69  5:53  Pylon  
  69  5:57  Stalker x2  
  69  6:03  Probe  
  74  6:06  Probe  
  75  6:15  Probe  
  75  6:16  Stalker  
  78  6:18  Gateway  
  78  6:20  Gateway  
  78  6:22  Stalker  
  78  6:23  Stalker  
  78  6:25  Probe  
  82  6:28  Probe  
  80  6:43  Probe  
  80  6:45  Stalker  
  74  6:47  Shield Battery  
  74  6:48  Stalker x2  
  74  6:49  Probe  
  79  6:54  Robotics Facility  
  79  6:55  Probe  
  79  6:56  Gateway  
  79  7:01  Probe  
  81  7:05  Probe  
  79  7:10  Probe  
  79  7:11  Stalker x2  
  79  7:12  Stalker  
  79  7:15  Probe  
  87  7:16  Charge (Chrono Boost)  
  87  7:19  Pylon  
  87  7:25  Probe  
  88  7:32  Gateway  
  88  7:34  Gateway  
  88  7:39  Stalker  
  88  7:40  Stalker x2, Zealot x2  
  88  7:44  Pylon  
  96  7:46  Immortal (Chrono Boost), Pylon  
  100  7:53  Zealot  
  100  7:56  Photon Cannon  
  102  8:06  Zealot x5  
  112  8:15  Warp Prism (Chrono Boost)  
  114  8:25  Zealot  
  112  8:30  Zealot x3  
  112  8:33  Zealot x3  
  124  8:37  Pylon  
  124  8:38  Assimilator, Pylon  
  124  8:39  Pylon  
  124  8:41  Pylon  
  124  8:43  Observer (Chrono Boost), Assimilator  
  125  8:55  Probe x3  
  128  9:07  Zealot x8  
  114  9:28  Zealot x8  
  128  9:34  Templar Archives  
  118  9:48  Zealot x7  
  118  9:50  Zealot  
Show
View Real Time Build Order
Export as new Build Order

TriGGeR Protoss 

Build Orders:  

Get SALT Encoding   

  12  0:00  Probe  
  13  0:12  Probe  
  14  0:19  Pylon  
  14  0:24  Probe  
  15  0:37  Probe (Chrono Boost)  
  15  0:39  Gateway  
  16  0:47  Assimilator, Probe (Chrono Boost)  
  17  0:52  Probe (Chrono Boost)  
  18  1:04  Probe (Chrono Boost)  
  19  1:05  Assimilator  
  19  1:08  Pylon  
  19  1:13  Probe (Chrono Boost)  
  19  1:17  Pylon  
  20  1:18  Probe (Chrono Boost)  
  21  1:28  Cybernetics Core  
  21  1:35  Zealot  
  21  1:39  Probe  
  24  1:51  Probe  
  25  2:04  Adept (Chrono Boost), Probe  
  25  2:06  Pylon  
  25  2:08  Warp Gate  
  28  2:16  Probe  
  29  2:27  Gateway  
  31  2:42  Nexus  
  29  2:47  Stalker  
  31  2:56  Probe  
  32  3:01  Shield Battery  
  30  3:10  Probe  
  31  3:23  Pylon  
  31  3:28  Twilight Council  
  31  3:43  Probe  
  31  3:47  Gateway  
  32  3:49  Robotics Facility  
  32  3:56  Probe  
  32  4:00  Probe  
  32  4:04  Blink (Chrono Boost)  
  32  4:08  Probe  
  33  4:12  Stalker  
  35  4:19  Stalker  
  35  4:24  Probe (Chrono Boost)  
  38  4:26  Probe (Chrono Boost)  
  36  4:36  Probe (Chrono Boost)  
  36  4:38  Probe (Chrono Boost)  
  38  4:40  Observer  
  38  4:43  Probe (Chrono Boost)  
  38  4:44  Probe (Chrono Boost)  
  38  4:45  Stalker  
  43  4:49  Stalker  
  43  4:50  Probe  
  46  4:54  Probe  
  47  5:00  Stalker  
  47  5:02  Probe  
  47  5:06  Probe  
  51  5:14  Probe  
  52  5:15  Stalker  
  52  5:16  Pylon  
  52  5:19  Assimilator  
  52  5:25  Stalker  
  54  5:29  Pylon  
  54  5:31  Warp Prism (Chrono Boost)  
  56  5:36  Stalker  
  56  5:39  Probe  
  56  5:40  Probe  
  60  5:44  Stalker  
  60  5:48  Pylon  
  62  5:52  Stalker  
  64  6:01  Probe  
  64  6:04  Probe  
  66  6:14  Stalker x2  
  66  6:15  Stalker  
  70  6:37  Stalker x2  
  70  6:44  Probe x2  
  70  6:56  Probe x2, Charge (Chrono Boost)  
  70  6:57  Gateway x2  
  70  6:59  Gateway  
  72  7:02  Nexus  
  72  7:08  Probe  
  71  7:11  Stalker x3  
  77  7:16  Pylon  
  77  7:22  Probe  
  78  7:33  Pylon  
  78  7:34  Probe (Chrono Boost)  
  78  7:35  Probe (Chrono Boost)  
  80  7:37  Pylon  
  80  7:46  Probe (Chrono Boost)  
  80  7:47  Probe (Chrono Boost)  
  82  7:53  Templar Archives  
  82  7:54  Probe x2 (Chrono Boost)  
  82  7:57  Gateway  
  84  7:58  Gateway  
  84  7:59  Shield Battery  
  84  8:00  Probe  
  84  8:01  Probe  
  86  8:12  Probe  
  87  8:13  Probe  
  87  8:15  Zealot  
  87  8:16  Zealot x5  
  99  8:22  Immortal (Chrono Boost)  
  97  8:36  High Templar x2  
  97  8:37  Zealot x4  
  97  8:40  Archon  
  109  8:41  Shield Battery  
  109  8:53  Stalker  
  111  8:58  Zealot x3  
  116  9:04  Zealot  
  116  9:09  Zealot x2  
  108  9:11  Zealot  
  94  9:18  Zealot  
  94  9:20  Zealot x3  
  90  9:26  Zealot  
  94  9:31  Zealot  
  94  9:32  Zealot x2  
  98  9:43  Zealot x4  
  86  9:50  Zealot x2  

Tags
 
Add a new tag
Caveats
  • Supply blocks, unpowered buildings, or Contaminate may cause inaccurate times.
  • Supply counts are checked every 10 seconds.